Map: World of Sleepers LE

Players

pHARM

  • Race: Zerg Zerg
  • League: Platinum
  • Spawn Location: 1:00

StimThruIT - Winner!

  • Race: Zerg Zerg
  • League: Platinum
  • Spawn Location: 7:00

VOD

Have the link to the VOD?

Description

Time

  • Played on: Sept. 8, 2019, 9:21 p.m.
  • Length: 7:00
Show
View Real Time Build Order
Export as new Build Order

pHARM Zerg 

Build Orders: Hatch First 

Get SALT Encoding   

  12  0:01  Drone  
  13  0:13  Overlord  
  13  0:17  Drone  
  14  0:31  Drone x2  
  16  0:47  Drone x2  
  18  1:00  Hatchery  
  17  1:04  Drone  
  18  1:18  Spawning Pool  
  17  1:19  Drone  
  17  1:20  Drone  
  19  1:33  Drone  
  20  1:42  Extractor  
  20  1:43  Drone  
  20  1:53  Drone  
  21  2:06  Drone  
  22  2:14  Queen x2  
  26  2:16  Zergling x4  
  28  2:27  Overlord x2  
  28  3:06  Baneling Nest  
  28  3:08  Drone x6  
  33  3:20  Drone  
  33  3:21  Drone  
  35  3:31  Evolution Chamber  
  34  3:35  Roach Warren, Queen  
  35  3:43  Drone x5  
  40  3:49  Baneling x4  
  40  4:17  Overlord, Drone x4  
  41  4:18  Overlord  
  41  4:21  Extractor  
  41  4:23  Extractor  
  41  4:24  Zerg Missile Weapons Level 1  
  42  4:31  Overlord x2  
  42  4:42  Drone  
  42  4:43  Drone x3  
  42  4:44  Drone x3  
  49  4:54  Roach  
  49  4:55  Lair  
  51  5:00  Overlord x2  
  51  5:01  Roach x3  
  58  5:28  Roach x2  
  58  5:29  Roach x3  
  58  5:32  Overlord x2  
  66  5:55  Roach  
  66  5:56  Roach x5  
  78  5:58  Hatchery  
  79  6:04  Roach x4  
  85  6:43  Drone x7  
  85  6:44  Drone x4  
Show
View Real Time Build Order
Export as new Build Order

StimThruIT Zerg - Winner!

Build Orders: Hatch First 

Get SALT Encoding   

  12  0:05  Drone  
  13  0:15  Overlord  
  13  0:20  Drone  
  14  0:34  Drone x2  
  16  0:38  Drone  
  17  0:56  Hatchery  
  16  0:57  Drone  
  16  1:00  Drone  
  18  1:11  Extractor  
  18  1:16  Spawning Pool  
  16  1:19  Drone  
  16  1:23  Drone  
  18  1:37  Overlord  
  18  1:47  Drone  
  19  2:03  Queen  
  19  2:04  Zergling x4  
  23  2:09  Queen  
  23  2:12  Metabolic Boost  
  23  2:15  Drone  
  26  2:17  Drone  
  26  2:20  Drone  
  28  2:39  Drone x3  
  28  2:41  Overlord  
  31  2:59  Evolution Chamber  
  31  3:02  Queen  
  31  3:03  Drone x2, Roach Warren  
  33  3:13  Evolution Chamber  
  33  3:16  Drone  
  33  3:17  Drone x3  
  36  3:28  Drone x4  
  36  3:34  Extractor  
  39  3:36  Overlord  
  39  3:41  Lair  
  39  3:46  Zerg Missile Weapons Level 1  
  39  3:48  Drone  
  39  3:49  Drone  
  39  3:51  Drone  
  42  4:04  Drone x6  
  48  4:13  Extractor  
  48  4:16  Drone x2  
  49  4:25  Zerg Ground Armor Level 1  
  49  4:36  Overlord x2  
  49  4:37  Overlord x2  
  49  4:58  Glial Reconstitution  
  49  5:01  Roach x8  
  65  5:08  Roach  
  65  5:24  Roach x5  
  75  5:37  Roach x3  
  75  5:38  Roach  
  75  5:39  Overlord x2, Extractor  
  82  5:44  Drone x2  
  82  5:49  Drone, Spore Crawler  
  85  6:02  Roach  
  85  6:03  Roach x2  
  91  6:10  Roach  
  91  6:11  Roach x3  
  99  6:12  Overlord x3  
  99  6:16  Spore Crawler  
  98  6:19  Drone x2  
  100  6:36  Roach  
  100  6:37  Roach x4  
Tags
 
Add a new tag
Caveats
  • Supply blocks, unpowered buildings, or Contaminate may cause inaccurate times.
  • Supply counts are checked every 10 seconds.